 Dungeon Crawl Stone Soup version 0.30-a0-643-g638baaf3f0 (webtiles) character file.

Game seed: 5643134951726023529

118022 kae the Transmogrifier (level 16, -13/148 (156) HPs)
             Began as a Demonspawn Transmuter on Jan 16, 2023.
             Was a High Priest of Ru.
             Mangled by Donald
             ... wielding a +1 long sword of electrocution
              (18 damage)
             ... on level 2 of the Spider Nest.
             The game lasted 00:35:59 (29371 turns).

kae the Transmogrifier (Demonspawn Transmuter)     Turns: 29371, Time: 00:35:59

HP:   -13/148 (156) AC:  1    Str: 16    XL:     16   Next: 24%
MP:   0/30          EV: 15    Int: 22    God:    Ru [*****.]
Gold: 1953          SH:  0    Dex: 11    Spells: 13/35 levels left

rFire   . . .      SeeInvis .      - Unarmed
rCold   . . .      Faith    .    (no shield)
rNeg    + . .      Spirit   +    (body armour currently unavailable)
rPois   ∞          Reflect  .    (no helmet)
rElec   +          Harm     .    N - +2 cloak
rCorr   .          Rampage  .    (gloves currently unavailable)
Will    ++...                    (boots unavailable)
Stlth   ++                       G - amulet of guardian spirit
HPRegen 0.44/turn                y - +4 ring of slaying
MPRegen 0.44/turn                K - ring "Yzeimaro" {rElec Will+ Dex-4 Slay+4 Stlth+}

@: exhausted, statue-form, corroded, drained, unable to drink, very slow
A: slow and powerful, torment resistance 1, boosted hp, hooves 3, spiny 1, magic
regeneration, inability to drink after injury 2, hated by all, inability to
train armour, no conjurations magic, no hexes magic, no poison magic, big brain
3
a: End Transformation, Renounce Religion, Draw Out Power, Power Leap, Apocalypse


You were on level 2 of the Spider Nest.
You worshipped Ru.
Ru was extremely pleased with you.
You were a living statue of rough stone.
You visited 5 branches of the dungeon, and saw 25 of its levels.

You collected 2756 gold pieces.
You spent 803 gold pieces at shops.


Innate Abilities, Weirdness & Mutations

You are a living statue of rough stone.
Your actions are slow, but your melee attacks are powerful.
You are resistant to unholy torment.
Your maximum health is greatly increased.
You are immune to poison.
Your equipment is partially melded.
You have hooves in place of feet.
You are partially covered in sharp spines.
You regenerate magic rapidly.
You sometimes lose the ability to drink potions when taking damage.
You are hated by all.
You cannot train Armour skill.
You cannot study or cast Conjurations magic.
You cannot study or cast Hexes magic.
You cannot study or cast Poison magic.
You have an absolutely massive brain. (Int +6, Wiz)


   Skills:
 + Level 9.6 Fighting
 + Level 8.9 Dodging
 + Level 10.7 Unarmed Combat
 - Level 10.0 Spellcasting
 * Level 14.6 Transmutations
 - Level 10.0 Ice Magic
 * Level 9.0 Air Magic
 - Level 6.0 Earth Magic


You had 13 spell levels left.
You knew the following spells:

 Your Spells              Type           Power      Damage    Failure   Level
a - Statue Form           Tmut/Erth      36%        N/A       6%          6
b - Wereblood             Tmut           66%        N/A       0%          2
c - Storm Form            Tmut/Air       29%        N/A       16%         7
d - Ice Form              Ice/Tmut       60%        N/A       1%          4
f - Spider Form           Tmut/Pois      43%        N/A       1%          3

Your spell library contained the following spells:

 Spells                   Type           Power      Damage    Failure   Level
 Beastly Appendage        Tmut           100%       N/A       0%          1
 Ozocubu's Armour         Ice            53%        N/A       1%          3
 Vhi's Electric Charge    Tloc/Air       60%        N/A       1%          3
 Petrify                  Tmut/Erth      54%        N/A       1%          4
 Sublimation of Blood     Necr           11%        N/A       3%          2
 Lee's Rapid Deconstruct  Erth           18%        3d11*     6%          5
 Vampiric Draining        Necr           11%        2d6       8%          3
 Dispel Undead            Necr           11%        3d9       24%         4
 Maxwell's Capacitive Co  Air            25%        ∞         98%         8
 Sting                    Tmut/Pois      Unusable   1d8       N/A         1
 Cigotuvi's Dreadful Rot  Necr/Pois/Air  Unusable   N/A       N/A         2
 Poisonous Vapours        Pois/Air       Unusable   N/A       N/A         2
 Static Discharge         Conj/Air       Unusable   2-5/arc   N/A         2
 Kiss of Death            Conj/Necr      Unusable   2d8       N/A         1
 Magic Dart               Conj           Unusable   1d5       N/A         1
 Slow                     Hex            Unusable   N/A       N/A         1
 Mephitic Cloud           Conj/Pois/Air  Unusable   N/A       N/A         3
 Searing Ray              Conj           Unusable   2d5       N/A         2
 Irradiate                Conj/Tmut      Unusable   3d18      N/A         5
 Yara's Violent Unravell  Hex/Tmut       Unusable   3d10      N/A         5
 Summon Lightning Spire   Summ/Air       Unusable   N/A       N/A         4
 Leda's Liquefaction      Hex/Erth       Unusable   N/A       N/A         4
 Confusing Touch          Hex            Unusable   N/A       N/A         3
 Inner Flame              Hex/Fire       Unusable   N/A       N/A         3
 Arcjolt                  Conj/Air       Unusable   1d25      N/A         5
 Lightning Bolt           Conj/Air       Unusable   1d29      N/A         5
 Flame Wave               Conj/Fire      Unusable   2d6       N/A         4
 Fulminant Prism          Conj/Hex       Unusable   3d7       N/A         4
 Olgreb's Toxic Radiance  Pois           Unusable   N/A       N/A         4
 Sticky Flame             Conj/Fire      Unusable   2d3       N/A         4
 Death Channel            Necr           Unusable   N/A       N/A         6
 Enfeeble                 Hex            Unusable   N/A       N/A         7

Inventory:

Missiles
 c - 179 stones
 k - 29 boomerangs
 m - 4 throwing nets {=f!f}
 n - 43 poisoned darts
 u - 9 curare-tipped darts {=f}
Armour
 a - a +1 robe
 C - the +5 robe of Night (melded) {Dark Will+ SInv}
   (You found it on level 10 of the Dungeon)

   Dark:      It shrouds the wearer in darkness, reducing the range at which
   they can see and be seen by others.
   SInv:      It lets you see invisible.
   Will:      It increases your willpower.
 N - a +2 cloak (worn)
   (You found it on level 3 of the Lair of Beasts)
Magical Staves
 j - a staff of air {!a}
   (You found it on level 2 of the Dungeon)
 A - a staff of earth {!a}
   (You found it on level 5 of the Lair of Beasts)
Jewellery
 g - an amulet of regeneration
   (You took it off an orc on level 6 of the Dungeon)
 i - a +6 ring of intelligence
   (You found it on level 11 of the Dungeon)
 q - an amulet of magic regeneration
   (You found it on level 4 of the Dungeon)
 t - an amulet of reflection
   (You found it on level 4 of the Dungeon)
 v - the ring of Zysiar {Will+ SInv}
   (You took it off an orc warrior on level 15 of the Dungeon)

   [ring of see invisible]

   SInv:      It lets you see invisible.
   Will:      It increases your willpower.
 w - a ring of magical power
   (You found it on level 9 of the Dungeon)
 y - a +4 ring of slaying (left fist)
   (You found it on level 3 of the Lair of Beasts)
 G - an amulet of guardian spirit (around neck)
   (You took it off an orc on level 5 of the Dungeon)
 I - a +6 ring of intelligence
   (You found it on level 1 of the Dungeon)
 K - the ring "Yzeimaro" (right fist) {rElec Will+ Dex-4 Slay+4 Stlth+}
   (You bought it in a shop on level 14 of the Dungeon)

   [ring of willpower]

   Dex:       It affects your dexterity (-4).
   Slay:      It affects your accuracy & damage with ranged weapons and melee
   (+4).
   rElec:     It insulates you from electricity.
   Will:      It increases your willpower.
   Stlth:     It makes you more stealthy.
 L - a ring of flight
   (You found it on level 9 of the Dungeon)
 M - a +6 ring of intelligence
   (You found it on level 3 of the Lair of Beasts)
 R - a ring of resist corrosion
   (You found it on level 15 of the Dungeon)
 W - a ring of magical power
   (You found it on level 7 of the Dungeon)
 Y - a +4 ring of slaying
   (You found it on level 3 of the Dungeon)
Wands
 o - a wand of flame (20)
   (You found it on level 5 of the Dungeon)
 x - a wand of iceblast (18)
   (You found it on level 9 of the Dungeon)
 E - a wand of acid (1)
   (You found it on level 1 of the Lair of Beasts)
Scrolls
 B - 6 scrolls of teleportation {@r4}
 D - 5 scrolls of blinking {!r}
 F - 2 scrolls of enchant armour
 H - 4 scrolls of immolation {!r!r}
 J - 2 scrolls of fear
 O - 2 scrolls of magic mapping {!r}
 Q - a scroll of poison {!r}
 T - 4 scrolls of identify {@r1}
 X - a scroll of torment {!r}
 Z - 2 scrolls of fog
Potions
 b - 6 potions of lignification {!q}
 d - 8 potions of curing {@q1}
 e - 6 potions of attraction {!q}
 f - 3 potions of haste {@q3}
 h - 7 potions of heal wounds {@q2}
 l - 3 potions of invisibility
 p - 5 potions of resistance
 r - a potion of cancellation
 s - 8 potions of might
 z - 4 potions of ambrosia
 P - a potion of magic
 S - 2 potions of mutation {!q}
 V - a potion of flight
Miscellaneous
 U - a lightning rod (4/4)
   (You found it on level 5 of the Lair of Beasts)

Dungeon Overview and Level Annotations

Branches:
Dungeon (15/15) Zot: 25548  Temple (1/1) D:4 Zot: 5953    Lair (5/5) D:11 Zot: 21508
 Shoals (0/4) Lair:3       Spider (2/4) Lair:3 Zot: 10046   Slime (0/5) Lair:5
    Orc (2/2) D:11 Zot: 9832     Elf (0/3) Orc:2        Vaults (0/5) D:13
 Depths (0/4) D:15

Altars:
Ashenzari
Cheibriados
Dithmenos
Gozag
Kikubaaqudgha
Makhleb
Nemelex Xobeh
Okawaru
Qazlal
Ru
Sif Muna
Trog
Uskayaw
Vehumet
Wu Jian
Xom

Shops:
D:10 **   D:13 (   D:14 =   Orc:1 [   Orc:2 :?((

Annotations:
D:11 2 transporters, exclusion: 2 oklob plants, NokRude's ghost, adept DsMo
Lair:3 2 transporters, funaii's ghost, journeyman HOFi
Lair:4 3 runed translucent doors, Atont's ghost, journeyman DDFi
Spider:2 Donald #.#....### ..#......### ##.##... .#.#.......# ##.....^ .#.........# #...... .#.##.....## ..... #..##.....# .... ....#####.# #sB

.###...#..## #@# .#
###..#.#####8# .#
#.###...^.H#### .#
#.#...........# .#
##.##........... .## #.
#........... ..## #.
##..........
#..###.###............
..#......#.#...........
#.####....###..<./...


You could see a jorogumo, Donald (fast, strong), an entropy weaver and a
redback.


Message History

You are even more entangled.
Donald is struck by your spines.
Donald hits you with a +1 long sword of electrocution!
* * * LOW HITPOINT WARNING * * *
😨 HP[-42] MP[-6]
You take 42 damage, and now have 59/156 hp.
MASSIVE DAMAGE!! (PAUSE)
You lost 6 mp, and now have 9/30 mp.
You disentangle yourself.
You redirect the entropy weaver's attack!
The jorogumo completely misses you. Donald barely misses you.
The jorogumo is struck by your spines. The jorogumo hits you!
* * * LOW HITPOINT WARNING * * *
😨 HP[-12] MP[-2]
You take 12 damage, and now have 47/156 hp.
You lost 2 mp, and now have 7/30 mp.
Unknown command.
Donald blocks your attack.
You kick Donald.
Donald is no longer blind.
Donald says, "I hate venom.
I hate getting bitten."
Donald hits you with a +1 long sword of electrocution!!
* * * LOW HITPOINT WARNING * * *
You redirect the jorogumo's attack!
The jorogumo casts a spell at itself.
The stream of webbing hits the jorogumo but does no damage.
Donald is struck by your spines. Donald closely misses you.
The jorogumo casts a spell at you.
The stream of webbing hits you but does no damage.
You are caught in a web! 😱 HP[-24] MP[-3]
You take 24 damage, and now have 23/156 hp.
You lost 3 mp, and now have 4/30 mp.
You are restored by drawing out deep reserves of power within.
You burst free from the webs!
You feel drained. The jorogumo casts a spell at you.
The stream of webbing hits you but does no damage.
You are caught in a web!
Donald casts a spell.
Donald seems to speed up.
The web tears apart.
Donald stops glowing.
Donald is struck by your spines.
Donald hits you with a +1 long sword of electrocution!
* * * LOW HITPOINT WARNING * * *
You redirect the entropy weaver's attack!
The jorogumo hits you.
* * * LOW HITPOINT WARNING * * *
Donald hits you with a +1 long sword of electrocution!!
* * * LOW HITPOINT WARNING * * *
The jorogumo begins to cast a spell, but is stunned by your conviction! 😱 HP[+3] MP[+6]
You now have 148 max hp (-8).
You regained 3 hp, and now have 26/148 hp.
You regained 6 mp, and now have 10/30 mp.
Unknown command.
You hit Donald. You kick Donald, but do no damage.
Donald hits you with a +1 long sword of electrocution.
* * * LOW HITPOINT WARNING * * *
The jorogumo stares at you and mumbles some strange words.
The stream of webbing misses you.
The stream of webbing hits Donald but does no damage.
Donald is caught in a web!
Donald struggles to get unstuck from the web.
The jorogumo casts a spell at you.
The stream of webbing hits you but does no damage.
You are caught in a web!
The entropy weaver casts a spell at you.
The entropic weave corrodes you! 😱 HP[-2] MP[-1]
You take 2 damage, and now have 24/148 hp.
You lost 1 mp, and now have 9/30 mp.
Unknown command.
The web tears apart.
Donald struggles to get unstuck from the web. x2
The jorogumo barely misses you.
Donald struggles to get unstuck from the web. 😱 HP[+1] MP[+1] Unknown command.
You hit Donald but do no damage. You kick Donald, but do no damage.
The jorogumo closely misses you.
Donald struggles to get unstuck from the web.
The jorogumo barely misses you.
Unknown command.
You hit Donald but do no damage. You kick Donald, but do no damage.
Donald tears the web.
The entropy weaver casts a spell at you.
The entropic weave corrodes you!
The jorogumo is stunned by your conviction and fails to attack.
Donald hits you with a +1 long sword of electrocution!
* * * LOW HITPOINT WARNING * * *
😱 HP[-6] MP[-1]
You take 6 damage, and now have 19/148 hp.
You lost 1 mp, and now have 9/30 mp.
Unknown command.
Donald blocks your attack.
Your kick misses Donald. You punch Donald, but do no damage.
You redirect Donald's attack!
Donald hits the redback with a +1 long sword of electrocution!
The jorogumo is struck by your spines. The jorogumo hits you!!
* * * LOW HITPOINT WARNING * * *
Donald says, "Something's up my trousers!
Aieee!"
Donald hits you with a +1 long sword of electrocution!!
You die...

Skill      XL: |  1  2  3  4  5  6  7  8  9 10 11 12 13 14 15 16 |
---------------+-------------------------------------------------+-----
Transmutations | 2 3 4 5 6 8 9 10 11 12 13 14 | 14.6
Unarmed Combat | 3 4 5 6 7 8 9 10 | 10.7
Spellcasting   | 3 4 5 6 7 8 9 10 | 10.0
Ice Magic      | 1 2 3 5 6 8 9 10 | 10.0
Dodging        | 3 4 5 6 7 8 |  8.9
Fighting       | 3 4 5 7 8 9 |  9.6
Earth Magic    | 4 6 |  6.0
Air Magic      | 3 6 8 9 |  9.0

Action                   |  1- 3 |  4- 6 |  7- 9 | 10-12 | 13-15 | 16-18 || total
-------------------------+-------+-------+-------+-------+-------+-------++-------
Melee: Unarmed           |   104 |    70 |   238 |   540 |   636 |   114 ||  1702
       Kick              |    18 |    10 |     1 |    27 |   273 |    14 ||   343
       Headbutt          |     7 |     4 |       |       |       |       ||    11
       Punch             |     2 |       |     1 |     3 |    50 |     8 ||    64
 Cast: Beastly Appendage |    21 |    11 |       |     1 |       |       ||    33
       Spider Form       |     2 |     8 |     4 |       |       |       ||    14
       Wereblood         |     1 |     1 |     8 |    14 |    17 |       ||    41
       Ice Form          |       |     1 |    26 |    53 |       |       ||    80
       Statue Form       |       |       |       |     6 |    93 |     5 ||   104
       Storm Form        |       |       |       |       |       |     7 ||     7
Invok: Reject Sacrifices |       |       |       |     1 |       |       ||     1
       Sacrifice Love    |       |       |       |     1 |       |       ||     1
       Draw Out Power    |       |       |       |       |     2 |     1 ||     3
       Sacrifice Drink   |       |       |       |       |     1 |       ||     1
       Sacrifice Arcana  |       |       |       |       |     1 |       ||     1
       Sacrifice Durabil |       |       |       |       |       |     1 ||     1
 Abil: End Transformatio |       |       |       |     2 |       |       ||     2
       Blinkbolt         |       |       |       |       |       |     1 ||     1
Evoke: Wand              |       |       |       |     9 |     1 |       ||    10
  Use: Scroll            |     1 |     7 |     9 |     5 |     9 |       ||    31
       Potion            |       |       |       |     1 |     1 |       ||     2
 Stab: Invisible         |       |       |       |       |     3 |       ||     3
       Distracted        |       |       |       |       |     2 |       ||     2
       Paralysed         |       |       |       |       |     4 |       ||     4
Armor: Robe              |    24 |     1 |       |       |    11 |       ||    36
       Skin              |       |       |   133 |   231 |   685 |    41 ||  1090
Dodge: Dodged            |    96 |    46 |   112 |   336 |   774 |   107 ||  1471

Levels and vault maps discovered:
D:1:      dpeg_arrival_leaves_temple_mockup, layout_rooms
D:2:      layout_loops_corners, minmay_tripent
D:3:      layout_basic, nicolae_kikubaaqudgha_miasma_corner,
          basic_ecumenical_altar
D:4:      layout_loops_ring, mainiacjoe_overflow_six_doors_small,
          mainiacjoe_overflow_paths, minmay_temple_entry_stoned_glass,
          chequers_serial_rivers_micro_c
D:5:      layout_basic, uniq_duvessa
D:6:      layout_rooms
D:7:      layout_basic, nicolae_tso_swordbearing_angel
D:8:      layout_basic, nicolae_overflow_hidden_temple, uniq_maggie
D:9:      layout_irregular_city
D:10:     old_forge, layout_cave_pods, hangedman_ru_absence, serial_shops,
          shop_fountains, nicolae_blasting_shop, hellmonk_guarded_unrand_night
D:11:     layout_cave_pools, lair_entry_dummy, erik_orc_3, nzn_ghost_randoct,
          minmay_microvault, uniq_nergalle
D:12:     layout_irregular_city
D:13:     layout_roguey, hangedman_vaults_entry_quadrant_bands, serial_shops,
          kennysheep_little_box
D:14:     layout_rooms, serial_shops, shop, lemuel_round_altar
D:15:     grunt_enter_depths_snipers, layout_basic,
          hangedman_abyss_or_decor_stabs, uniq_azrael, uniq_rupert
Temple:   hellmonk_temple_divided_pantheon
Lair:1:   layout_regular_city, infiniplex_staircase_pool_2
Lair:2:   layout_concentric_octagons, lemuel_centaur_altar
Lair:3:   pond_and_an_island_with_a_cottage, layout_long_grid,
          minmay_shoals_entry_beasts, nicolae_spider_entry_non_spiders,
          gammafunk_ghost_hive, beast_lair_carwin_9
Lair:4:   layout_roguey, gammafunk_ghost_split, beast_lair_carwin_5,
          grunt_megastairs_2, infiniplex_staircase_pool
Lair:5:   evilmike_catoblepas_cave, layout_cellular_growth,
          minmay_slime_entry_eyes, lemuel_fruit_fields, uniq_sonja, uniq_snorg
Spider:1: layout_spider_delve
Spider:2: layout_chambers, hangedman_spider_tarantella_strand, uniq_donald,
          uniq_roxanne
Orc:1:    layout_caves, serial_shops, nicolae_shop_behind_doors,
          nicolae_orc_rockfall, nicolae_orc_crystal_geode, uniq_erica,
          uniq_harold, uniq_maurice
Orc:2:    kennysheep_orc_mage_school, layout_caves

Notes
Turn   | Place    | Note
-------+----------+-------------------------------------------
     0 | D:1      | kae the Demonspawn Transmuter began the quest for the Orb.
     0 | D:1      | Reached XP level 1. HP: 15/15 MP: 3/3
     0 | D:1      | magus.rc [v1.11.3]
   173 | D:1      | Reached skill level 2 in Transmutations
   190 | D:1      | Gained mutation: You have large cloven feet. [demonic
                  | ancestry]
   190 | D:1      | Reached XP level 2. HP: 14/21 MP: 5/5
   845 | D:2      | Reached skill level 3 in Unarmed Combat
   953 | D:2      | Reached XP level 3. HP: 19/26 MP: 4/6
   956 | D:2      | Learned a level 2 spell: Wereblood
   961 | D:2      | Learned a level 3 spell: Spider Form
  1517 | D:2      | Reached skill level 3 in Transmutations
  1736 | D:3      | Found a faded altar of an unknown god.
  1884 | D:3      | Reached XP level 4. HP: 32/32 MP: 5/7
  1913 | D:3      | Found an ancient bone altar of Kikubaaqudgha.
  2507 | D:4      | Found a staircase to the Ecumenical Temple.
  2522 | Temple   | Entered the Ecumenical Temple
  2522 | Temple   | Found a transporter.
  2522 | Temple   | Found a transporter.
  2533 | Temple   | Found a transporter.
  2533 | Temple   | Found a transporter.
  2718 | D:4      | Noticed an ogre
  2726 | D:4      | Killed an ogre
  2727 | D:4      | Reached skill level 3 in Spellcasting
  2727 | D:4      | Gained mutation: You have an unusually large brain. (Int
                  | +2) [demonic ancestry]
  2727 | D:4      | Reached XP level 5. HP: 20/37 MP: 6/9
  2807 | D:4      | Reached skill level 4 in Transmutations
  2862 | D:4      | Learned a level 4 spell: Ice Form
  2985 | D:4      | You pick up a book of Decay and begin reading...
  2985 | D:4      | You add the spells Cigotuvi's Dreadful Rot, Dispel Undead
                  | and Death Channel to your library.
  3026 | D:4      | Found a shimmering altar of Xom.
  3114 | D:4      | HP: 8/34 [gnoll/+2 flail of draining (4)]
  3300 | D:4      | Found a stormy altar of Qazlal.
  3542 | D:5      | Entered Level 5 of the Dungeon
  3633 | D:5      | Reached skill level 1 in Ice Magic
  3633 | D:5      | Gained mutation: You have hoof-like feet. [demonic
                  | ancestry]
  3633 | D:5      | Reached XP level 6. HP: 40/43 MP: 6/11
  3731 | D:5      | Noticed a water moccasin
  3754 | D:5      | Noticed Dowan
  3755 | D:5      | Noticed Duvessa
  3910 | D:5      | Killed Duvessa
  3911 | D:5      | Reached skill level 4 in Unarmed Combat
  3916 | D:5      | Reached skill level 2 in Ice Magic
  3916 | D:5      | Gained mutation: You have an extremely huge brain. (Int +4)
                  | [demonic ancestry]
  3916 | D:5      | Reached XP level 7. HP: 46/48 MP: 8/12
  3920 | D:5      | Killed Dowan
  4042 | D:5      | Reached skill level 5 in Transmutations
  4154 | D:5      | Reached skill level 3 in Ice Magic
  4228 | D:5      | Reached skill level 4 in Spellcasting
  4528 | D:5      | Gained mutation: You have an absolutely massive brain. (Int
                  | +6, Wiz) [demonic ancestry]
  4528 | D:5      | Reached XP level 8. HP: 54/54 MP: 9/14
  4778 | D:6      | Reached skill level 4 in Ice Magic
  4788 | D:6      | Reached skill level 6 in Transmutations
  4859 | D:6      | Reached skill level 5 in Unarmed Combat
  5457 | D:7      | Reached skill level 5 in Ice Magic
  5648 | D:7      | Gained mutation: You have hooves in place of feet. [demonic
                  | ancestry]
  5648 | D:7      | Reached XP level 9. HP: 52/59 MP: 10/16
  5801 | D:7      | Reached skill level 5 in Spellcasting
  6059 | D:7      | Reached skill level 7 in Transmutations
  6380 | D:7      | Identified the +8 falchion "Neschoomm" {elec, Int+2}
  6846 | D:8      | Reached skill level 6 in Ice Magic
  7044 | D:8      | Noticed Maggie
  7055 | D:8      | Killed Maggie
  7056 | D:8      | Reached skill level 6 in Unarmed Combat
  7595 | D:8      | Reached skill level 8 in Transmutations
  7683 | D:8      | You pick up a book of Debilitation and begin reading...
  7683 | D:8      | You add the spells Slow, Vampiric Draining and Confusing
                  | Touch to your library.
  7818 | D:8      | Found an opulent altar of Gozag.
  8351 | D:9      | Identified a scroll of acquirement
  8351 | D:9      | Acquired 553 gold pieces
  8399 | D:9      | Reached XP level 10. HP: 64/65 MP: 9/18
  8402 | D:9      | Reached skill level 2 in Dodging
  8426 | D:10     | Entered Level 10 of the Dungeon
  8481 | D:9      | Reached skill level 7 in Ice Magic
  8534 | D:9      | Identified the +8 ring mail of Oceklaw {rC+ rN+ Int+2
                  | Dex-4}
  8578 | D:9      | Reached skill level 6 in Spellcasting
  9036 | D:9      | Reached skill level 2 in Fighting
  9247 | D:9      | You add the spells Sting, Poisonous Vapours and Olgreb's
                  | Toxic Radiance to your library.
  9339 | D:10     | Found the +5 robe of Night {Dark Will+ SInv}
  9395 | D:10     | Identified the +8 sling of Starshine {flame, rF+ rN+ Str+3
                  | SInv}
  9512 | D:10     | Reached skill level 3 in Dodging
  9674 | D:10     | Found a sacrificial altar of Ru.
  9787 | D:10     | Reached skill level 9 in Transmutations
  9793 | D:10     | Found Ficvaczo's Demolitions Depot.
  9796 | D:10     | Reached skill level 3 in Fighting
  9954 | D:10     | Identified the +10 long sword of Valour {venom, rCorr}
  9992 | D:10     | Reached skill level 8 in Ice Magic
 10337 | D:10     | Gained mutation: You are partially covered in sharp spines.
                  | [demonic ancestry]
 10337 | D:10     | Reached XP level 11. HP: 75/75 MP: 13/20
 10428 | D:10     | Found Anwozy's General Store.
 10441 | D:10     | Reached skill level 7 in Unarmed Combat
 10497 | D:10     | Became a worshipper of Ru the Awakened
 11314 | D:11     | Noticed a two-headed ogre
 11316 | D:11     | Noticed an oklob plant
 11320 | D:11     | Noticed a skeletal warrior
 11320 | D:11     | Noticed NokRude's ghost (adept DsMo)
 11321 | D:11     | Noticed a red ugly thing
 11339 | D:11     | Noticed a two-headed ogre
 11343 | D:11     | Noticed a boulder beetle
 11527 | D:11     | Noticed a deep elf pyromancer
 11702 | D:10     | Killed a deep elf pyromancer
 11869 | D:11     | Reached skill level 4 in Dodging
 12221 | D:11     | Reached skill level 4 in Fighting
 12270 | D:11     | Found a transporter.
 12271 | D:11     | Noticed a boulder beetle
 12297 | D:10     | HP: 5/92 [boulder beetle (38)]
 12301 | D:10     | Killed a boulder beetle
 12615 | D:11     | Reached skill level 7 in Spellcasting
 12647 | D:11     | You pick up a book of Flames and begin reading...
 12647 | D:11     | You add the spells Inner Flame, Sticky Flame and Flame Wave
                  | to your library.
 12674 | D:11     | Noticed Nergalle
 12694 | D:11     | Found a transporter.
 12696 | D:11     | Noticed an oklob plant
 12713 | D:11     | HP: 20/87 [two-headed ogre/+0 dire flail (17)]
 12718 | D:11     | HP: 11/87 [two-headed ogre/+0 dire flail (11)]
 12719 | D:11     | Killed a two-headed ogre
 13017 | D:11     | Found a staircase to the Orcish Mines.
 13096 | D:11     | Reached skill level 10 in Transmutations
 13288 | D:11     | Killed Nergalle
 13289 | D:11     | Reached skill level 9 in Ice Magic
 13427 | D:11     | Found a staircase to the Lair.
 13614 | Lair:1   | Entered Level 1 of the Lair of Beasts
 14935 | Lair:2   | You pick up a book of the Earth and begin reading...
 14935 | Lair:2   | You add the spells Leda's Liquefaction, Lee's Rapid
                  | Deconstruction and Statue Form to your library.
 14956 | Lair:2   | Learned a level 6 spell: Statue Form
 14977 | Lair:2   | Reached XP level 12. HP: 84/84 MP: 19/23
 15084 | Lair:2   | Reached skill level 1 in Earth Magic
 15198 | Lair:2   | Reached skill level 5 in Fighting
 15361 | Lair:2   | You pick up a book of Alchemy and begin reading...
 15361 | Lair:2   | You add the spells Sublimation of Blood, Petrify and
                  | Irradiate to your library.
 15587 | Lair:2   | You pick up a book of Misfortune and begin reading...
 15587 | Lair:2   | You add the spells Yara's Violent Unravelling and Enfeeble
                  | to your library.
 15715 | Lair:2   | Noticed a five-headed hydra
 15720 | Lair:2   | Killed a five-headed hydra
 15721 | Lair:2   | Reached skill level 5 in Dodging
 15721 | Lair:2   | Reached skill level 2 in Earth Magic
 15887 | Lair:2   | Noticed a death yak
 15887 | Lair:2   | Noticed a death yak
 15891 | Lair:2   | Noticed a death yak
 15901 | Lair:2   | Killed a death yak
 15904 | Lair:2   | Killed a death yak
 15908 | Lair:2   | Killed a death yak
 16055 | Lair:2   | Found a shadowy altar of Dithmenos.
 16065 | Lair:2   | Reached skill level 8 in Unarmed Combat
 16215 | Lair:3   | Acquired kae's Incunable of Breezy Shapeshifting
 16216 | Lair:3   | You add the spells Vhi's Electric Charge, Summon Lightning
                  | Spire and Storm Form to your library.
 16225 | Lair:3   | Learned a level 7 spell: Storm Form
 16429 | Lair:3   | Noticed a seven-headed hydra
 16443 | Lair:3   | HP: 20/103 [seven-headed hydra (7)]
 16445 | Lair:3   | Killed a seven-headed hydra
 16446 | Lair:3   | Reached skill level 3 in Earth Magic
 16680 | Lair:3   | Found a transporter.
 16682 | Lair:3   | Found a transporter.
 16708 | Lair:3   | Found a hole to the Spider Nest.
 16710 | Lair:3   | Noticed a boulder beetle
 16721 | Lair:3   | Gained mutation: You are hated by all. [Ru sacrifice]
 16721 | Lair:3   | Reached * piety under Ru
 16725 | Lair:3   | Killed a boulder beetle
 16747 | Lair:3   | Reached skill level 11 in Transmutations
 16756 | Lair:3   | Reached skill level 10 in Ice Magic
 16852 | Lair:3   | HP: 14/104 [komodo dragon (24)]
 17245 | Lair:3   | Reached skill level 8 in Spellcasting
 17245 | Lair:3   | Reached skill level 4 in Earth Magic
 17399 | Lair:3   | Noticed a seven-headed hydra
 17404 | Lair:3   | Killed a seven-headed hydra
 17405 | Lair:3   | Reached XP level 13. HP: 93/93 MP: 18/25
 17565 | Lair:3   | Found a staircase to the Shoals.
 17611 | Lair:3   | Noticed funaii's ghost (journeyman HOFi)
 17624 | Lair:3   | You fall into a shaft and drop 2 floors!
 17624 | Lair:5   | Entered Level 5 of the Lair of Beasts
 17640 | Lair:5   | Reached skill level 6 in Fighting
 17651 | Lair:5   | HP: 19/120 [death yak (13)]
 17662 | Lair:5   | HP: 12/93 [poisoned by a black mamba]
 17932 | Lair:4   | Reached skill level 5 in Earth Magic
 17953 | Lair:4   | Reached skill level 6 in Dodging
 18513 | Lair:4   | You pick up a book of Conjurations and begin reading...
 18513 | Lair:4   | You add the spells Magic Dart, Searing Ray and Fulminant
                  | Prism to your library.
 18792 | Lair:4   | Found a runed translucent gate.
 18792 | Lair:4   | Found a runed translucent gate.
 18792 | Lair:4   | Found a runed translucent gate.
 18804 | Lair:4   | Noticed Atont's ghost (journeyman DDFi)
 19313 | Lair:5   | Reached skill level 1 in Air Magic
 19378 | Lair:5   | You pick up a book of Lightning and begin reading...
 19378 | Lair:5   | You add the spells Static Discharge, Lightning Bolt and
                  | Arcjolt to your library.
 19434 | Lair:5   | Reached skill level 6 in Earth Magic
 19436 | Lair:5   | Reached skill level 12 in Transmutations
 19445 | Lair:5   | Reached skill level 2 in Air Magic
 19654 | Lair:5   | Gained mutation: You occasionally lose the ability to drink
                  | potions when taking damage. [Ru sacrifice]
 19654 | Lair:5   | Gained mutation: You sometimes lose the ability to drink
                  | potions when taking damage. [Ru sacrifice]
 19654 | Lair:5   | Reached ** piety under Ru
 19654 | Lair:5   | Reached *** piety under Ru
 19745 | Lair:5   | Found a staircase to the Slime Pits.
 19748 | Lair:5   | Paralysed by a floating eye for 2 turns
 19755 | Lair:5   | Reached skill level 9 in Unarmed Combat
 19842 | Lair:5   | Noticed Sonja
 19927 | Lair:5   | Reached skill level 3 in Air Magic
 19930 | Lair:5   | Reached skill level 7 in Fighting
 20005 | Lair:5   | HP: 21/124 [death yak (17)]
 20012 | Lair:5   | Reached XP level 14. HP: 37/102 MP: 11/26
 20394 | Lair:5   | Reached skill level 9 in Spellcasting
 20498 | Lair:5   | Reached skill level 4 in Air Magic
 20505 | Lair:5   | Reached skill level 7 in Dodging
 20809 | Lair:5   | Noticed Snorg
 20817 | Lair:5   | Killed Snorg
 21018 | Lair:5   | Killed Sonja
 21357 | D:12     | You pick up a book of Touch and begin reading...
 21635 | D:12     | Reached skill level 5 in Air Magic
 22249 | D:12     | Gained mutation: You cannot study or cast Poison magic. [Ru
                  | sacrifice]
 22249 | D:12     | Gained mutation: You cannot study or cast Hexes magic. [Ru
                  | sacrifice]
 22249 | D:12     | Gained mutation: You cannot study or cast Conjurations
                  | magic. [Ru sacrifice]
 22249 | D:12     | Reached **** piety under Ru
 22507 | D:13     | Reached skill level 13 in Transmutations
 22918 | D:13     | Found Fetor's Antique Weapon Shoppe.
 23115 | D:13     | Reached skill level 8 in Fighting
 23172 | D:13     | Found a gate to the Vaults.
 23549 | D:13     | Reached skill level 6 in Air Magic
 23683 | D:14     | Got the Reference Book on Chilly Putridity
 23750 | D:14     | Found a sparkling altar of Nemelex Xobeh.
 24167 | D:14     | Reached XP level 15. HP: 110/110 MP: 20/28
 24195 | D:14     | Found Liorch's Jewellery Shop.
 24204 | D:14     | Bought the ring "Yzeimaro" {rElec Will+ Dex-4 Slay+4
                  | Stlth+} for 803 gold pieces
 24429 | D:15     | Entered Level 15 of the Dungeon
 24713 | D:15     | Identified the ring of Zysiar {Will+ SInv}
 24937 | D:15     | Noticed Azrael
 24954 | D:15     | HP: 21/145 [Azrael/+3 scimitar of flaming (18)]
 24955 | D:15     | Killed Azrael
 24965 | D:15     | Reached skill level 10 in Unarmed Combat
 25309 | D:15     | Noticed Rupert
 25314 | D:15     | Killed Rupert
 25315 | D:15     | Reached skill level 8 in Dodging
 25316 | D:15     | a +0 triple sword of distortion {!wrare}; a +0 scale mail
                  | of cold resistance; the human corpse of Rupert
 25396 | D:15     | Found a staircase to the Depths.
 25396 | D:15     | Noticed a frost giant
 25403 | D:15     | Killed a frost giant
 25404 | D:15     | Reached skill level 7 in Air Magic
 25469 | D:15     | a +0 triple sword of distortion {!wrare}; a +0 scale mail
                  | of cold resistance; the human corpse of Rupert
 25707 | Orc:1    | Entered Level 1 of the Orcish Mines
 26099 | Orc:1    | Noticed Maurice
 26104 | Orc:1    | Killed Maurice
 26175 | Orc:1    | Found Waschu's Antique Armour Boutique.
 26280 | Orc:2    | Entered Level 2 of the Orcish Mines
 26324 | Orc:2    | Found a staircase to the Elven Halls.
 26524 | Orc:1    | Identified a +2 robe of the Archmagi
 26525 | Orc:1    | Noticed Erica
 26525 | Orc:1    | Noticed Harold
 26539 | Orc:1    | Killed Harold
 26541 | Orc:1    | Killed Erica
 26923 | Orc:2    | Reached skill level 10 in Spellcasting
 27130 | Orc:2    | Reached skill level 14 in Transmutations
 27152 | Orc:2    | Reached skill level 9 in Fighting
 27157 | Orc:2    | Found Qipagysch's Antique Weapon Shop.
 27169 | Orc:2    | Found a radiant altar of Vehumet.
 27191 | Orc:2    | Paralysed by something for 5 turns
 27299 | Orc:2    | Found Xyit's Book Boutique.
 27336 | Orc:2    | Found an ancient bone altar of Kikubaaqudgha.
 27370 | Orc:2    | Found Xesusig's Magic Scroll Shop.
 27384 | Orc:2    | Found Ahyklek's Antique Weapon Boutique.
 27694 | Spider:1 | Entered Level 1 of the Spider Nest
 27700 | Spider:1 | Reached skill level 8 in Air Magic
 27961 | Spider:1 | You pick up a book of the Sky and begin reading...
 27964 | Spider:1 | Noticed an emperor scorpion
 27973 | Spider:1 | Killed an emperor scorpion
 28612 | Spider:1 | Gained mutation: You regenerate magic rapidly. [demonic
                  | ancestry]
 28612 | Spider:1 | Reached XP level 16. HP: 120/120 MP: 21/30
 29279 | Spider:2 | Gained mutation: You cannot train Armour skill. [Ru
                  | sacrifice]
 29279 | Spider:2 | Reached ***** piety under Ru
 29350 | Spider:2 | Noticed Donald
 29358 | Spider:2 | Reached skill level 9 in Air Magic
 29364 | Spider:2 | HP: 23/156 [Donald/+1 long sword of electrocution (25)]
 29370 | Spider:2 | HP: 19/148 [Donald/+1 long sword of electrocution (7)]
 29371 | Spider:2 | HP: 5/148 [jorogumo (14)]
 29371 | Spider:2 | Mangled by Donald

Vanquished Creatures
  Rupert (D:15)
  An emperor scorpion (Spider:1)
  A frost giant (D:15)
  An orc warlord (Orc:2)
  A broodmother (Spider:1)
  Azrael (D:15)
  An entropy weaver (Spider:2)
  Harold (Orc:1)
  8 hydras
  Erica (Orc:1)
  4 ogre magi
  2 tengu warriors (D:15)
  3 catoblepae (Lair:5)
  8 centaur warriors
  2 two-headed ogres
  A death knight (D:14)
  5 boulder beetles
  17 death yaks
  An orc high priest (Orc:1)
  Sonja (Lair:5)
  Nergalle (D:11)
  A sun moth (Spider:1)
  2 orb spiders
  3 orc knights
  A deep elf pyromancer (D:10)
  A necromancer (Lair:3)
  11 orc sorcerers
  5 cyclopes
  7 wolf spiders
  7 ugly things
  14 elephants
  Maurice (Orc:1)
  2 black mambas
  6 manticores
  An eye of devastation (Lair:5)
  4 gargoyles
  3 torpor snails
  10 cane toads
  6 demonic crawlers
  Maggie (D:8)
  A kobold demonologist (D:13)
  2 unseen horrors (D:10)
  An efreet (D:13)
  14 komodo dragons
  3 meliai (Spider:1)
  A wind drake (Lair:3)
  5 polar bears
  9 trolls
  12 tarantellas
  12 blink frogs
  A hornet (D:10)
  9 dream sheep
  15 slime creatures
  A culicivora (shapeshifter) (D:15)
  12 jumping spiders
  8 culicivoras
  3 shadows (D:10)
  2 vampires
  A spriggan (shapeshifter) (D:14)
  5 wyverns
  4 wraiths
  3 basilisks
  5 steam dragons
  32 redbacks
  45 yaks
  3 vampire mosquitoes (D:13)
  3 wargs
  2 acid dragons
  9 water moccasins
  2 hell hounds (D:15)
  Duvessa (D:5)
  A floating eye (Lair:5)
  2 elephant zombies (Lair:3)
  3 ice beasts
  2 sky beasts
  20 orc warriors
  15 ogres
  2 black bears
  7 wolves
  19 centaurs
  7 kobold brigands
  2 phantoms
  8 bullfrogs
  2 gnoll sergeants
  9 scorpions
  2 necrophages
  4 wights (D:9)
  Dowan (D:5)
  15 killer bees
  3 electric eels (Lair:3)
  4 howler monkeys
  15 orc priests
  A hound (D:4)
  3 jellies (D:7)
  3 basilisk zombies (Lair:3)
  44 orc wizards
  6 iguanas
  4 hell rats (Lair:1)
  14 gnolls
  2 adders (D:10)
  A shadow imp (D:7)
  A white imp (D:7)
  An ufetubus (D:6)
  4 worms
  3 dart slugs
  82 orcs
  8 bats
  3 endoplasms
  3 giant cockroaches
  6 goblins
  7 hobgoblins
  2 quokkas
  4 ball pythons
  4 frilled lizards
  24 kobolds
  2 rats (D:1)
749 creatures vanquished.

Vanquished Creatures (others)
  Snorg (Lair:5)
  2 death yaks
  A manticore (D:14)
  A troll (D:13)
  A tarantella (Spider:2)
  A culicivora (Spider:1)
  A basilisk (D:15)
  2 hell hounds (D:15)
  An orc priest (Orc:1)
  An orc wizard (Orc:2)
  An orc (Orc:2)
  A butterfly (Lair:5)
  33 fungi
  54 plants
101 creatures vanquished.

Grand Total: 850 creatures vanquished

Table legend:
 A = Non-vault XP
 B = Vault XP
 C = Vault XP percentage of total XP
 D = Non-vault monster count
 E = Vault monster count
 F = Vault count percentage of total count
                 A         B        C        D         E       F
            +---------+---------+-------+---------+---------+-------
      Total |  124827 |   43777 |  26.0 |     603 |     154 |  20.3
            +---------+---------+-------+---------+---------+-------
        D:1 |      33 |       0 |   0.0 |      19 |       0 |   0.0
        D:2 |      55 |       4 |   6.8 |       9 |       2 |  18.2
        D:3 |      12 |       0 |   0.0 |       8 |       0 |   0.0
        D:4 |     273 |       0 |   0.0 |      18 |       0 |   0.0
        D:5 |     874 |     214 |  19.7 |      16 |       2 |  11.1
        D:6 |    1056 |       0 |   0.0 |      34 |       0 |   0.0
        D:7 |    1347 |       0 |   0.0 |      36 |       0 |   0.0
        D:8 |     865 |     395 |  31.3 |      15 |       1 |   6.2
        D:9 |    1874 |       0 |   0.0 |      25 |       0 |   0.0
       D:10 |    6589 |    2275 |  25.7 |      37 |      14 |  27.5
       D:11 |    1850 |     901 |  32.8 |      13 |      13 |  50.0
       D:12 |    5514 |       0 |   0.0 |      23 |       0 |   0.0
       D:13 |    8376 |    3958 |  32.1 |      23 |      18 |  43.9
       D:14 |    9102 |       0 |   0.0 |      17 |       0 |   0.0
       D:15 |    5917 |    5911 |  50.0 |      20 |       7 |  25.9
     Lair:1 |    3029 |       0 |   0.0 |      12 |       0 |   0.0
     Lair:2 |    7830 |     459 |   5.5 |      24 |       4 |  14.3
     Lair:3 |    5089 |    4755 |  48.3 |      20 |      21 |  51.2
     Lair:4 |    2776 |    3093 |  52.7 |       8 |       8 |  50.0
     Lair:5 |   22448 |   12446 |  35.7 |      54 |      27 |  33.3
   Spider:1 |   15490 |       0 |   0.0 |      51 |       0 |   0.0
   Spider:2 |   12034 |     265 |   2.2 |      39 |       1 |   2.5
      Orc:1 |    6030 |    2177 |  26.5 |      40 |       3 |   7.0
      Orc:2 |    6364 |    6924 |  52.1 |      42 |      33 |  44.0
            +---------+---------+-------+---------+---------+-------

Illustrated notes

Table legend:
 A = Kills in this place as a percentage of kills in entire the game.
 B = Kills by you in this place as a percentage of kills by you in the entire game.
 C = Kills by friends in this place as a percentage of kills by friends in the entire game.
 D = Other kills in this place as a percentage of other kills in the entire game.
 E = Experience gained in this place as a percentage of experience gained in the entire game.
 F = Experience gained in this place divided by the number of levels of this place that you have seen.
                   A       B       C       D       E      F
               +-------+-------+-------+-------+-------+----------------------
         Total | 100.0 | 100.0 |   N/A | 100.0 | 100.0 | 6744.2
       Dungeon |  48.9 |  49.0 |   N/A |  37.5 |  34.0 | 3826.3
          Lair |  23.5 |  23.4 |   N/A |  37.5 |  36.7 | 12385.0
   Spider Nest |  12.0 |  11.9 |   N/A |  25.0 |  16.5 | 13894.5
  Orcish Mines |  15.6 |  15.8 |   N/A |   0.0 |  12.7 | 10747.5
               +-------+-------+-------+-------+-------+----------------------

Table legend: (Time is in decaauts)
 A = Elapsed time spent in this place.
 B = Non-inter-level travel time spent in this place.
 C = Inter-level travel time spent in this place.
 D = Time resting spent in this place.
 E = Time spent auto-exploring this place.
 F = Levels seen in this place.
 G = Mean time per level.
                   A        B        C        D        E       F      G
               +--------+--------+--------+--------+--------+-----+--------+
         Total |  31314 |  29725 |   1589 |    891 |  24063 |  25 | 1252.6 |
       Dungeon |  18656 |  17487 |   1169 |    734 |  14110 |  15 | 1243.7 |
        Temple |     46 |     39 |      7 |      0 |     15 |   1 |   46.0 |
          Lair |   8491 |   8238 |    253 |    124 |   6867 |   5 | 1698.2 |
   Spider Nest |   1952 |   1939 |     13 |      0 |   1520 |   2 |  976.0 |
  Orcish Mines |   2167 |   2023 |    144 |     33 |   1550 |   2 | 1083.5 |
               +--------+--------+--------+--------+--------+-----+--------+

Top non-repeatable levels by time:
    D:10: 3088 daAuts
  Lair:5: 2524 daAuts
  Lair:3: 2008 daAuts
    D:13: 1552 daAuts
     D:8: 1454 daAuts
  Lair:1: 1353 daAuts
    D:11: 1338 daAuts
     D:7: 1329 daAuts
Spider:1: 1323 daAuts
  Lair:2: 1318 daAuts
    D:15: 1298 daAuts
  Lair:4: 1286 daAuts
    D:12: 1207 daAuts
   Orc:2: 1113 daAuts
     D:4: 1107 daAuts
